 Dungeon Crawl Stone Soup version 0.22-a0-441-gcf5b0c6 (webtiles) character file.

3 Firecrotchwizard the Poker (level 1, 0/30 HPs)
             Began as a Minotaur Berserker on May 31, 2018.
             Was a Follower of Trog.
             Slain by a hobgoblin
             ... wielding a +0 club
              (4 damage)
             ... on level 1 of the Dungeon.
             The game lasted 00:00:11 (36 turns).

Firecrotchwizard the Poker (Minotaur Berserker)       Turns: 36, Time: 00:00:11

Health: 0/30       AC:  2    Str: 26    XL:     1   Next: 41%
Magic:  0/0        EV: 12    Int:  4    God:    Trog [*.....]
Gold:   10         SH:  0    Dex:  9    Spells: 0/0 levels left

rFire    . . .     SeeInvis .   a - +0 spear
rCold    . . .     Gourm    .   (no shield)
rNeg     . . .     Faith    .   b - +0 animal skin
rPois    .         Spirit   .   (helmet restricted)
rElec    .         Reflect  .   (no cloak)
rCorr    .         Harm     .   (no gloves)
MR       .....                  (no boots)
Stlth    ..........             (no amulet)
HPRegen  0.10/turn              (no ring)
MPRegen  0.07/turn              (no ring)

@: berserking, very quick
A: retaliatory headbutt, horns 2
a: Berserk, Renounce Religion


You were on level 1 of the Dungeon.
You worshipped Trog.
Trog was aware of your devotion.
You were not hungry.

You visited 1 branch of the dungeon, and saw 1 of its levels.

You collected 10 gold pieces.

Inventory:

Hand Weapons
 a - a +0 spear (weapon)
Armour
 b - a +0 animal skin (worn)
Scrolls
 d - a scroll of random uselessness {unknown}
Comestibles
 c - a ration {@e1}


   Skills:
 + Level 3.7 Fighting
 * Level 3.7 Polearms
 + Level 2.5 Armour
 + Level 2.2 Dodging


You couldn't memorise any spells.
You didn't know any spells.
Your spell library was empty.

Dungeon Overview and Level Annotations

Branches:
Dungeon (1/15)

Altars:


Innate Abilities, Weirdness & Mutations

You reflexively headbutt those who attack you in melee.
You have a pair of horns on your head.


Message History

Welcome, Firecrotchwizard the Minotaur Berserker.
The bosom of this dungeon contains the fabled artefact, the Orb of Zot.
Trog says: Kill them all!
Found 21 bolts and 12 poisoned needles.
Found a staircase leading out of the dungeon.
You now have 10 gold pieces.
d - a scroll labeled RIUN OZXAA A kobold comes into view.
A kobold is nearby!
A kobold is nearby!
A hobgoblin comes into view.
The hobgoblin shouts!
A goblin comes into view. It is wielding a club.
The kobold shouts!
The goblin shouts!
The kobold throws a stone.
The stone closely misses you.
A rat comes into view.
The kobold throws a stone.
The stone hits you but does no damage.
You see here a stone.
The hobgoblin hits you.
You take 2 damage, and have 17/19 hp.
You closely miss the hobgoblin. You completely miss the hobgoblin.
The hobgoblin hits you.
A goblin comes into view.
A hobgoblin comes into view. It is wielding a club.
You take 1 damage, and have 16/19 hp.
You barely miss the kobold.
The goblin shouts!
The hobgoblin shouts!
The hobgoblin hits you but does no damage.
The kobold hits you but does no damage.
You hit the kobold.
You kill the kobold!
Trog accepts your kill. The hobgoblin hits you.
You take 5 damage, and have 11/19 hp.
MASSIVE DAMAGE!!
The goblin completely misses you.
A hobgoblin opens the door.
The rat closely misses you.
You see here a stone.
The goblin completely misses you.
You are too injured to fight recklessly!
You are too injured to fight recklessly!
You hit the goblin.
You kill the goblin!
Trog accepts your kill.
You hit the rat but do no damage.
You kill the rat!
Trog accepts your kill. The hobgoblin hits you.
You see here a club.
You take 3 damage, and have 9/20 hp.
You hit the hobgoblin but do no damage. The hobgoblin barely misses you.
You completely miss the hobgoblin.
You kill the hobgoblin!
Trog accepts your kill. The hobgoblin hits you with a club.
* * * LOW HITPOINT WARNING * * *
The goblin hits you.
* * * LOW HITPOINT WARNING * * *
You take 6 damage, and have 3/20 hp.
MASSIVE DAMAGE!!
A red film seems to cover your vision as you go berserk!
You feel yourself moving faster!
You feel mighty!
You feel a lot more hungry. The hobgoblin hits you with a club.
You die...

#..#........ ..
#..#..'#.#.## ...#
#..#.#g.....
.....####?.#.#....# .
?..........#.#?...#..
..
#.........#.#.......
....
#........#.#(......
....
#.......(g(.....'.
....#
##......g@###.......
.....###.......).#
.......
.................#
.#.....
#.........###...#
.##...# ##.......##
##..# .# ...#
#...<...# #..# .# ...
#.......# #..# .# .#
#.........# ...#
.................#


You could see a hobgoblin and a goblin.

Vanquished Creatures
  A hobgoblin (D:1)
  A goblin (D:1)
  A kobold (D:1)
  A rat (D:1)
4 creatures vanquished.

Notes
Turn   | Place    | Note
-------+----------+-------------------------------------------
     0 | D:1      | Firecrotchwizard the Minotaur Berserker began the quest for the Orb.
     0 | D:1      | Reached XP level 1. HP: 19/19 MP: 0/0
    35 | D:1      | HP: 3/20 [goblin (3)]
    36 | D:1      | Slain by a hobgoblin

Vault maps used:
D:1:      minmay_arrival_four_circles, minmay_misc_feat_secret_circle,
          minmay_misc_feat_nine_boxes

Action                   || total
-------------------------++-------
Melee: Spear             ||     8
       Headbutt          ||     2
Invok: Berserk           ||     1
Armor: Animal skin       ||     2
Dodge: Dodged            ||     5

Table legend:
 A = Spawn XP
 B = Non-spawn XP
 C = Spawn XP percentage of total XP
 D = Spawn monster count
 E = Non-spawn monster count
 F = Spawn count percentage of total count
 G = Total turns spent on level
                    A         B        C        D         E        F      G
               +---------+---------+-------+---------+---------+-------+---------
         Total |       0 |       5 |   0.0 |       0 |       4 |   0.0 |    36
               +---------+---------+-------+---------+---------+-------+---------
           D:1 |       0 |       5 |   0.0 |       0 |       4 |   0.0 |    36
               +---------+---------+-------+---------+---------+-------+---------

Vault maps used:
D:1:      minmay_arrival_four_circles, minmay_misc_feat_secret_circle,
          minmay_misc_feat_nine_boxes

Table legend:
 A = Turns spent in this place as a percentage of turns spent in the entire game.
 B = Non-inter-level travel turns spent in this place as a percentage of non-inter-level travel turns spent in the entire game.
 C = Inter-level travel turns spent in this place as a percentage of turns spent in this place.
 D = Turns resting spent in this place as a percentage of non-inter-level travel turns spent in this place.
 E = Turns spent auto-exploring this place as a percentage of non-inter-level travel turns spent in this place.
 F = Non-inter-level travel turns spent in this place divided by the number of levels of this place that you've seen.
                   A       B       C       D       E      F
               +-------+-------+-------+-------+-------+----------------------
         Total | 100.0 | 100.0 |   0.0 |   0.0 |  41.7 |  36.0
       Dungeon | 100.0 | 100.0 |   0.0 |   0.0 |  41.7 |  36.0
               +-------+-------+-------+-------+-------+----------------------

Table legend:
 A = Kills in this place as a percentage of kills in entire the game.
 B = Kills by you in this place as a percentage of kills by you in the entire game.
 C = Kills by friends in this place as a percentage of kills by friends in the entire game.
 D = Other kills in this place as a percentage of other kills in the entire game.
 E = Experience gained in this place as a percentage of experience gained in the entire game.
 F = Experience gained in this place divided by the number of levels of this place that you have seen.
                   A       B       C       D       E      F
               +-------+-------+-------+-------+-------+----------------------
         Total | 100.0 | 100.0 |   N/A |   N/A | 100.0 |   5.0
       Dungeon | 100.0 | 100.0 |   N/A |   N/A | 100.0 |   5.0
               +-------+-------+-------+-------+-------+----------------------
